 Dungeon Crawl Stone Soup version 0.31-a0-532-g28f74ba3e5 (webtiles) character file.

Game seed: 12269580477402107242

1780684 motkurizz the Wrestler (level 27, 258/258 HPs)
             Began as a Ghoul Fighter on Aug 11, 2023.
             Was a Follower of Uskayaw.
             Escaped with the Orb
             ... and 3 runes on Aug 12, 2023!
             The game lasted 03:16:11 (60372 turns).

motkurizz the Wrestler (Ghoul Fighter)             Turns: 60372, Time: 03:16:12

Health: 258/258    AC: 50    Str: 34    XL:     27
Magic:  35/35      EV: 16    Int:  6    God:    Uskayaw [*.....]
Gold:   1098       SH: 30    Dex:  8    Spells: 32/32 levels left

rFire   + +          +
                       - Unarmed
rCold   + + .        A - +8 tower shield {AC+3}
rNeg    + + +        B - +7 gold dragon scales
rPois   ∞            S - +1 helmet {Int+3}
rElec   +            M - +1 cloak of Starlight {*Dazzle EV+4 Stlth--}
rCorr   +            h - +2 pair of gloves "Isie" {-Cast rPois rF+++ SInv}
SInv    +            s - +2 pair of boots {rampage}
Will    +++..        a - amulet "Wokohias" {Reflect -Cast rElec rCorr SH+5} Stlth
                     G - +5 ring of evasion
HPRegen 0.00/turn    d - ring of willpower
MPRegen 0.24/turn

%: no spellcasting, reflection, rampage
@: inhibited regen, studying 3 skills
A: claws 1, cold resistance 1, negative energy resistance 3, inhibited
regeneration, torment resistance 2, devour on kill
0: Orb of Zot
}: 3/15 runes: decaying, serpentine, silver
a: Renounce Religion, Stomp


You escaped.
You worshipped Uskayaw.
Uskayaw was most pleased with you.
You visited 10 branches of the dungeon, and saw 48 of its levels.
You visited the Abyss 1 time.
You also visited: Gauntlet, Ice Cave, Volcano and Wizlab.

You collected 10149 gold pieces.
You spent 9051 gold pieces at shops.

Inventory:

Missiles
 c - 21 curare-tipped darts
 e - 10 datura-tipped darts
 O - 37 poisoned darts (quivered)
Armour
 g - the +0 cloak "Qanwacho" {rPois Will+ Str-4 SInv}
   (You found it in a wizard's laboratory)

   Str-4:     It affects your strength (-4).
   rPois:     It protects you from poison Will+: It increases your willpower.
   SInv:      It lets you see invisible.
 h - the +2 pair of gloves "Isie" (worn) {-Cast rPois rF+++ SInv}
   (You found it on level 4 of the Depths)

   rF+++:     It renders you almost immune to fire.
   rPois:     It protects you from poison SInv: It lets you see invisible.
   -Cast:     It prevents spellcasting.
 s - a +2 pair of boots of rampaging (worn)
 v - a scarf of repulsion
 A - a +8 tower shield of protection (worn)
 B - +7 gold dragon scales (worn)
 M - the +1 cloak of Starlight (worn) {*Dazzle EV+4 Stlth--}
   (You acquired it on level 15 of the Dungeon)

   *Dazzle:   It may blind those who miss an attack against the wearer in melee
   combat.
   EV+4:      It affects your evasion (+4).
   Stlth--:   It makes you much less stealthy.
 S - a +1 helmet of intelligence (worn)
Jewellery
 a - the amulet "Wokohias" (around neck) {Reflect -Cast rElec rCorr SH+5}
   (You found it on level 14 of the Dungeon)

   [amulet of reflection]

   Reflect:   It reflects blocked missile attacks.
   rElec:     It insulates you from electricity.
   -Cast:     It prevents spellcasting.
   rCorr:     It protects you from acid and corrosion.
   SH+5:      It affects your SH (+5).
 b - a ring of see invisible
 d - a ring of willpower (right hand)
 F - a ring of flight
 G - a +5 ring of evasion (left hand)
 U - a +4 ring of protection
 Z - a ring of protection from fire
Wands
 l - a wand of quicksilver (25)
 w - a wand of digging (16)
 x - a wand of paralysis (49)
 z - a wand of mindburst (72)
 D - a wand of flame (112)
 P - a wand of roots (58)
Scrolls
 i - 11 scrolls of poison
 k - 4 scrolls of fog
 p - 6 scrolls of silence
 q - a scroll of brand weapon
 r - 4 scrolls of blinking
 C - a scroll of torment
 E - 5 scrolls of immolation
 J - 3 scrolls of fear
 N - 16 scrolls of teleportation
 Q - 12 scrolls of enchant weapon
 V - 4 scrolls of butterflies
 W - a scroll of revelation
Potions
 f - 2 potions of invisibility
 m - 5 potions of resistance
 o - 22 potions of curing
 t - 8 potions of attraction
 u - 10 potions of magic
 H - 9 potions of might
 I - a potion of cancellation
 K - 2 potions of ambrosia
 L - 4 potions of brilliance
 R - 16 potions of heal wounds
 T - 4 potions of haste
 Y - 12 potions of enlightenment
Miscellaneous
 j - a lightning rod (4/4)
 n - a phial of floods
 y - a condenser vane
 X - a phantom mirror


   Skills:
 + Level 23.1 Fighting
 - Level 25.0 Armour
 - Level 15.0 Stealth
 - Level 16.0 Shields
 * Level 25.2 Unarmed Combat
 - Level 3.0 Spellcasting
 - Level 19.3 Invocations
 - Level 15.0 Evocations


You had 32 spell levels left.
You didn't know any spells.
Your spell library contained the following spells:

 Spells                   Type           Power      Damage    Failure   Level
 Apportation              Tloc           0%         N/A       98%         1
 Foxfire                  Conj/Fire      0%         2x1d4     98%         1
 Freeze                   Ice            0%         1d3       98%         1
 Kiss of Death            Conj/Necr      0%         2d5       98%         1
 Magic Dart               Conj           0%         1d3       98%         1
 Necrotise                Necr           0%         1d4       98%         1
 Shock                    Conj/Air       0%         1d3       98%         1
 Summon Small Mammal      Summ           0%         N/A       98%         1
 Blink                    Tloc           0%         N/A       99%         2
 Cigotuvi's Dreadful Rot  Necr/Pois/Air  0%         N/A       99%         2
 Ensorcelled Hibernation  Hex/Ice        0%         N/A       99%         2
 Lesser Beckoning         Tloc           0%         N/A       99%         2
 Momentum Strike          Conj/Tloc      0%         3d8       99%         2
 Passwall                 Tmut/Erth      0%         N/A       99%         2
 Poisonous Vapours        Pois/Air       0%         N/A       99%         2
 Searing Ray              Conj           0%         2d4       99%         2
 Static Discharge         Conj/Air       0%         2-2/arc   99%         2
 Confusing Touch          Hex            0%         N/A       100%        3
 Dazzling Flash           Conj/Hex       0%         N/A       100%        3
 Frozen Ramparts          Ice            0%         1d1       100%        3
 Gell's Gravitas          Tloc           0%         N/A       100%        3
 Hailstorm                Conj/Ice       0%         3d3       100%        3
 Ignite Poison            Fire/Tmut/Pois 0%         N/A       100%        3
 Ozocubu's Armour         Ice            0%         N/A       100%        3
 Portal Projectile        Hex/Tloc       0%         N/A       100%        3
 Summon Guardian Golem    Hex/Summ       0%         N/A       100%        3
 Swiftness                Air            0%         N/A       100%        3
 Tukima's Dance           Hex            0%         N/A       100%        3
 Vhi's Electric Charge    Tloc/Air       0%         N/A       100%        3
 Volatile Blastmotes      Fire/Tloc      0%         2d10      100%        3
 Airstrike                Air            0%         2d(0-16)  100%        4
 Anguish                  Hex/Necr       0%         N/A       100%        4
 Animate Armour           Summ/Erth      0%         N/A       100%        4
 Animate Dead             Necr           0%         N/A       100%        4
 Cause Fear               Hex            0%         N/A       100%        4
 Dispel Undead            Necr           0%         3d6       100%        4
 Iskenderun's Mystic Bla  Conj/Tloc      0%         2d3       100%        4
 Leda's Liquefaction      Hex/Erth       0%         N/A       100%        4
 Manifold Assault         Tloc           0%         N/A       100%        4
 Passage of Golubria      Tloc           0%         N/A       100%        4
 Sticky Flame             Conj/Fire      0%         2d3       100%        4
 Summon Lightning Spire   Summ/Air       0%         N/A       100%        4
 Arcjolt                  Conj/Air       0%         1d10      100%        5
 Borgnjor's Vile Clutch   Necr/Erth      0%         N/A       100%        5
 Freezing Cloud           Conj/Ice/Air   0%         6-21      100%        5
 Irradiate                Conj/Tmut      0%         3d11      100%        5
 Lee's Rapid Deconstruct  Erth           0%         3d4*      100%        5
 Silence                  Hex/Air        0%         N/A       100%        5
 Summon Forest            Summ/Tloc      0%         N/A       100%        5
 Summon Mana Viper        Hex/Summ       0%         N/A       100%        5
 Death Channel            Necr           0%         N/A       100%        6
 Dispersal                Tloc           0%         N/A       100%        6
 Leda's Unmaking          Conj/Erth      0%         9d1       100%        6
 Plasma Beam              Fire/Air       0%         2x1d10    100%        6
 Simulacrum               Ice/Necr       0%         N/A       100%        6
 Starburst                Conj/Fire      0%         6d3       100%        6
 Summon Cactus Giant      Summ           0%         N/A       100%        6
 Enfeeble                 Hex            0%         N/A       100%        7
 Haunt                    Necr/Summ      0%         N/A       100%        7
 Malign Gateway           Summ/Tloc      0%         N/A       100%        7
 Ozocubu's Refrigeration  Ice            0%         4d7       100%        7
 Summon Hydra             Summ           0%         N/A       100%        7
 Disjunction              Tloc           0%         N/A       100%        8
 Ignition                 Fire           0%         3d3       100%        8
 Lehudib's Crystal Spear  Conj/Erth      0%         10d2      100%        8
 Maxwell's Capacitive Co  Air            0%         ∞         100%        8
 Polar Vortex             Ice            0%         N/A       100%        9
 Wereblood                Tmut           Unusable   N/A       N/A         2

Dungeon Overview and Level Annotations

Branches:
Dungeon (15/15)            Temple (1/1) D:5            Lair (5/5) D:10
  Swamp (4/4) Lair:2        Snake (4/4) Lair:2        Slime (0/5) Lair:5
    Orc (2/2) D:11            Elf (3/3) Orc:2        Vaults (5/5) D:14
  Crypt (0/3) Vaults:3     Depths (4/4) D:15            Zot (5/5) Depths:4
  IceCv (visited)         Volcano (visited)          WizLab (visited)
Gauntlet (visited)

Altars:
Ashenzari
Cheibriados
Dithmenos
Fedhas
Gozag
Hepliaklqana
Kikubaaqudgha
Makhleb
Nemelex Xobeh
Okawaru
Qazlal
Ru
Sif Muna
Trog
Uskayaw
Vehumet
Wu Jian
Xom
Yredelemnul
Jiyva

Shops:
D:2 **=*   D:7 *   D:10 [   Orc:2 :!*?   Elf:1 :   Elf:3 [   Snake:1 [
Snake:3 [   Vaults:2 :   Depths:1 :   Depths:2 *::=   Depths:4 =

Portals:
Hell: Depths:1 Depths:2 Depths:3 Depths:4
Abyss: Depths:1 Depths:3 Depths:4
Pandemonium: Depths:2 Depths:4
Ziggurat: Depths:3
Trove: D:14 (give 17 potions of curing)

Annotations:
D:8 exclusion: downstairs
D:9 exclusion: downstairs
Elf:2 exclusion: downstairs
Depths:2 exclusion: reaper


Innate Abilities, Weirdness & Mutations

You are immune to poison.
You have sharp fingernails.
Your flesh is cold resistant. (rC+)
You are immune to negative energy. (rN+++)
You do not regenerate when monsters are visible.
You are immune to unholy pain and torment.
You thrive by killing the living.


Message History

The Orb Guardian is moderately wounded.
You block the Orb Guardian's attack.
You pummel the Orb Guardian!!
The Orb Guardian is severely wounded.
You block the Orb Guardian's attack.
You miss the Orb Guardian.
The Orb Guardian is severely wounded.
You block the Orb Guardian's attack.
You pummel the Orb Guardian!!
The Orb Guardian is almost dead.
You block the Orb Guardian's attack.
You can now pass through a line of other dancers.
You squash the Orb Guardian like an ant!!!
You kill the Orb Guardian!
You climb upwards.
There is a stone staircase leading down here.
What level of the Dungeon? (default 1, ? - help)
You see here a +0 shortbow.
There is a stone staircase leading up here.
You climb upwards.
There is a stone staircase leading down here.
There is a stone staircase leading up here.
You climb upwards.
There is a stone staircase leading down here.
There is a stone staircase leading up here.
You climb upwards.
There is a stone staircase leading down here.
There is a stone staircase leading up here.
There is a stone staircase leading up here.
You climb upwards.
There is a stone staircase leading down here.
There is a stone staircase leading up here.
You climb upwards.
There is a stone staircase leading down here.
A Hell Sentinel comes into view.
The Hell Sentinel roars!
You can't go down here!
You can't go up here!
There is a staircase leading out of the dungeon here.
You have escaped!

.############## ##.####.P~~~~~#
..............# ###..##..~~P♣~~~~
.###########..###....##.PPP♣♣♣~~P
.# #............PP~P♣ ♣♣~. .#
#.##.....#...P~P~♣ ♣♣~. .#
##.##.######..~.~P♣♣♣~P. ########
#...8.1...8....~P~♣~~~P. .......#
#...#.....#......~~~P~P# .......#
#...#..@..#......P.P~...
.......###...#.....#.............
.............8.....8..........#.#
.......####.######.##........##÷#
.......# #..#.....#.....#.####.#
.......# #..............#.# #.#
...##### ###.#..###.#...#.# #.#
.>.# #.....## #.#...#.# #.. ...#
#.##### #.##.##.# ###


You could see a Hell Sentinel.

Vanquished Creatures
  5 ancient liches
  4 dread liches
  6 orbs of fire
  A juggernaut (Depths:3)
  Sojobo (Depths:1)
  Vv (Depths:2)
  4 Killer Klowns (Zot:5)
  3 curse toes
  4 caustic shrikes
  9 golden dragons
  The ghost of Wuemn the Axe Maniac, an adept MiFi of Makhleb (Vaults:1)
  5 electric golems
  A Tzitzimitl (Depths:2)
  A lich (Depths:3)
  20 tentacled monstrosities
  A walking earthen tome (Depths:3)
  5 deep elf blademasters (Elf:3)
  28 Orb Guardians
  5 titans
  A walking divine tome (Depths:3)
  4 quicksilver dragons
  5 deep elf master archers (Elf:3)
  2 walking frostbound tomes
  An eldritch tentacle (WizLab)
  7 sphinxes
  Frances (Swamp:2)
  2 tentacled starspawn (WizLab)
  17 death cobs
  A thorn hunter (Swamp:4)
  17 shadow dragons
  Agnes (Elf:1)
  A pandemonium lord (Depths:4)
  5 nagarajas
  A fenstrider witch (Swamp:4)
  A draconian knight (Zot:4)
  12 fire giants
  4 draconian monks
  10 storm dragons
  5 tengu reavers
  The ghost of Romunoh the Fetichist, an adept SpBr of Gozag (Snake:2)
  4 frost giants
  4 deep elf elementalists (Elf:3)
  2 iron dragons (Depths:3)
  9 deep elf sorcerers
  2 balrugs (Depths:4)
  10 vault wardens
  2 ghouls (Swamp:4)
  3 draconian scorchers
  Louise (Depths:1)
  4 draconian stormcallers
  15 very ugly things
  A cacodemon (Depths:4)
  The ghost of Layddamu the Basher, a journeyman HuFi of Okawaru (D:15)
  3 draconian shifters
  2 draconian annihilators
  3 war gargoyles
  14 ironbound preservers
  6 ironbound thunderhulks
  3 formless jellyfish (Vaults:4)
  2 orc warlords
  6 green draconians
  15 stone giants
  5 vampire knights
  4 black draconians
  3 deep elf demonologists
  2 white draconians
  Azrael (D:14)
  An eleionoma (Swamp:1)
  7 yellow draconians
  14 dire elephants
  8 deep elf annihilators
  4 spark wasps
  4 purple draconians
  5 red draconians
  11 ettins
  An eidolon (WizLab)
  Snorg (D:14)
  6 deep elf death magi
  3 iron golems
  4 jiangshi
  3 deep elf high priests
  2 entropy weavers
  7 fire dragons
  2 shambling mangroves
  6 rakshasas
  12 yaktaur captains
  5 great orbs of eyes
  32 vault guards
  7 ice dragons
  4 salamander tyrants
  4 spriggan air magi
  2 hell beasts
  A death knight (Vaults:3)
  4 ironbound frosthearts
  3 boulder beetles
  3 catoblepae
  3 peacekeepers
  4 ogre magi
  24 centaur warriors
  21 hydras
  9 two-headed ogres
  2 anacondas
  2 ghost crabs
  An anaconda (shapeshifter) (Vaults:5)
  21 dancing weapons
  The ghost of TobyConnect the Fighter, a novice DsSh of Gozag (D:10)
  4 orc high priests (Orc:2)
  24 naga warriors
  11 tengu warriors
  A vampire mage (Depths:1)
  6 death yaks (Lair:5)
  4 deep troll earth magi
  4 deep troll shamans
  A hell hog (Depths:1)
  11 alligators
  7 shock serpents
  10 spriggan berserkers
  20 naga sharpshooters
  24 deep elf knights
  An iron troll (Depths:2)
  3 soul eaters
  7 hell knights
  8 sun demons
  A skyshark (Lair:2)
  6 skeletal warriors (D:11)
  2 shadow wraiths
  A goliath frog (shapeshifter) (Vaults:5)
  5 goliath frogs
  7 salamander mystics
  8 spriggan druids
  4 flayed ghosts
  A glowing orange brain (Depths:1)
  13 deep elf archers
  A death drake (shapeshifter) (D:14)
  52 deep trolls
  An obsidian statue (WizLab)
  12 swamp dragons
  12 wizards
  A harpy (D:15)
  7 naga ritualists
  16 lindwurms
  4 bog bodies
  19 ironbound convokers
  35 deep elf pyromancers
  4 necromancers
  9 orc knights
  22 deep elf zephyrmancers
  8 phantasmal warriors
  A shining eye (shapeshifter) (Depths:1)
  30 ugly things
  A shining eye (Depths:1)
  6 mana vipers
  3 will-o-the-wisps
  24 salamanders
  12 cyclopes
  5 orc sorcerers
  2 worldbinders (WizLab)
  32 moths of wrath
  8 elephants
  4 manticores
  A black mamba (shapeshifter) (D:14)
  Maurice (Orc:2)
  2 molten gargoyles (Volcano)
  2 smoke demons
  19 vault sentinels
  2 ice statues (IceCv)
  An orange demon (Depths:4)
  A gargoyle (D:12)
  24 naga magi
  3 apocalypse crabs
  An eye of devastation (Depths:1)
  5 guardian serpents
  33 black mambas
  A torpor snail (Lair:5)
  An unseen horror (shapeshifter) (Depths:3)
  3 kobold demonologists
  4 unseen horrors
  6 rime drakes
  10 cane toads
  4 freezing wraiths
  2 ice devils (WizLab)
  25 yaktaurs
  6 komodo dragons
  An ancient zyme (WizLab)
  7 tengu conjurers
  An efreet (D:13)
  7 meliai (D:14)
  8 trolls
  2 wind drakes (shapeshifter)
  19 hornets
  8 polar bears
  A hellwing (WizLab)
  10 tyrant leeches
  2 raiju (WizLab)
  10 blink frogs
  7 dream sheep (Lair:2)
  48 slime creatures
  2 air elementals
  Sigmund (D:4)
  30 spriggans
  2 ynoxinuls
  A culicivora (Vaults:2)
  2 shadows
  5 wyverns
  5 wraiths
  A human (shapeshifter) (Depths:3)
  A water elemental (Elf:1)
  48 yaks
  10 basilisks
  7 fire bats
  7 fire elementals
  A vampire (D:12)
  A golden eye (shapeshifter) (D:14)
  2 steam dragons
  3 humans (D:14)
  23 vampire mosquitoes
  2 redbacks (Vaults:2)
  Menkaure (D:4)
  6 spatial vortices (WizLab)
  55 nagas
  18 swamp worms
  3 acid dragons
  15 water moccasins
  2 hell hounds (D:14)
  A large abomination (WizLab)
  A floating eye (Depths:3)
  8 swamp drakes
  2 ice beasts (D:6)
  3 sky beasts (D:7)
  6 black bears
  23 orc warriors
  37 wolves
  6 boggarts
  11 ogres
  22 centaurs
  2 phantoms (D:5)
  9 kobold brigands
  12 bullfrogs
  An earth elemental (Elf:3)
  4 gnoll sergeants
  A necrophage (Swamp:4)
  2 scorpions (D:5)
  7 small abominations
  3 wights (D:7)
  2 cane toad simulacra (Lair:5)
  7 killer bees
  2 lindwurm simulacra (IceCv)
  An elephant simulacrum (Lair:5)
  5 howler monkeys
  2 electric eels
  5 komodo dragon simulacra (IceCv)
  5 jellies
  4 hounds
  7 lava snakes
  3 gnoll boudas
  An iron imp (WizLab)
  30 orc priests
  2 sleepcaps (D:5)
  Natasha (thrice) (D:3)
  3 iguanas
  28 orc wizards
  2 polar bear simulacra (Lair:5)
  22 gnolls
  6 adders
  6 acid dragon simulacra (IceCv)
  A shadow imp (D:5)
  3 white imps
  2 ufetubi
  8 steam dragon simulacra (IceCv)
  2 worms
  6 dart slugs
  66 orcs
  10 endoplasms
  5 giant cockroaches
  6 goblins
  A hobgoblin (D:2)
  4 jackals (D:1)
  4 quokkas
  8 ball pythons
  2 bats
  3 frilled lizards (D:1)
  20 kobolds
  3 rats
  A starspawn tentacle (WizLab)
2114 creatures vanquished.

Vanquished Creatures (collateral kills)
  Jorgrun (D:14)
  A tengu reaver (Depths:1)
2 creatures vanquished.

Vanquished Creatures (others)
  An ironbound preserver (Vaults:3)
  A vampire knight (Depths:4)
  An alligator (Swamp:3)
  A hell knight (Depths:4)
  A swamp dragon (Swamp:3)
  A deep elf pyromancer (Elf:1)
  A deep elf zephyrmancer (Elf:2)
  A hornet (Swamp:4)
  An orc (Orc:2)
  A kobold (D:10)
  24 foxfires
  3 starspawn tentacles (WizLab)
37 creatures vanquished.

Grand Total: 2153 creatures vanquished

Notes
Turn   | Place    | Note
-------+----------+-------------------------------------------
     0 | D:1      | motkurizz the Ghoul Fighter began the quest for the Orb.
     0 | D:1      | Reached XP level 1. HP: 19/19 MP: 0/0
   232 | D:1      | Reached XP level 2. HP: 26/26 MP: 1/1
   576 | D:1      | Reached XP level 3. HP: 31/31 MP: 2/2
   769 | D:2      | Found Niezisa's General Store.
   911 | D:2      | Found Jofy's General Store.
  1026 | D:2      | Bought a +0 pair of boots for 58 gold pieces
  1138 | D:2      | Reached XP level 4. HP: 40/40 MP: 3/3
  1144 | D:2      | Found Ankimp's Jewellery Shoppe.
  1261 | D:2      | Found Vouxummunu's Assorted Antiques.
  1387 | D:2      | Found a faded altar of an unknown god.
  1472 | D:3      | Found a hazy altar of Hepliaklqana.
  1730 | D:3      | Reached XP level 5. HP: 10/46 MP: 4/4
  1875 | D:4      | Noticed Sigmund
  2041 | D:3      | Noticed Natasha
  2048 | D:3      | Killed Natasha
  2049 | D:3      | Reached skill level 5 in Unarmed Combat
  2061 | D:3      | Noticed Natasha
  2067 | D:3      | Killed Natasha
  2092 | D:3      | Found a stormy altar of Qazlal.
  2433 | D:3      | Reached XP level 6. HP: 41/52 MP: 5/5
  3022 | D:4      | Noticed Menkaure
  3026 | D:4      | Killed Menkaure
  3062 | D:5      | Entered Level 5 of the Dungeon
  3084 | D:5      | Reached XP level 7. HP: 60/60 MP: 6/6
  3151 | D:5      | Reached skill level 5 in Fighting
  3273 | D:5      | Found a staircase to the Ecumenical Temple.
  3402 | Temple   | Entered the Ecumenical Temple
  3411 | Temple   | Became a worshipper of Uskayaw the Reveller
  3434 | D:5      | Reached * piety under Uskayaw
  3696 | D:5      | Found an opulent altar of Gozag.
  3703 | D:5      | Reached ** piety under Uskayaw
  3785 | D:5      | Found a broken altar of Ashenzari.
  3800 | D:5      | Reached skill level 1 in Evocations
  3844 | D:5      | Reached XP level 8. HP: 69/69 MP: 7/7
  4694 | D:6      | Reached *** piety under Uskayaw
  4942 | D:7      | Noticed a slime creature
  4954 | D:6      | Reached skill level 1 in Invocations
  5021 | D:7      | Found a shadowy altar of Dithmenos.
  5099 | D:7      | Reached skill level 5 in Armour
  5099 | D:7      | Reached **** piety under Uskayaw
  5104 | D:7      | Reached ***** piety under Uskayaw
  5172 | D:7      | Killed a slime creature
  5173 | D:7      | Reached XP level 9. HP: 58/78 MP: 8/10
  5346 | D:7      | Noticed a white ugly thing
  5358 | D:7      | Found Qiutz's Assorted Antiques.
  5657 | D:7      | Killed a white ugly thing
  5658 | D:7      | Reached skill level 10 in Unarmed Combat
  6022 | D:7      | Identified 2 scrolls of acquirement
  6024 | D:7      | Acquired the +1 kite shield "Fufuraon" {rElec rC+}
  6048 | D:7      | Acquired 661 gold pieces
  6495 | D:8      | Reached XP level 10. HP: 74/86 MP: 12/12
  7886 | D:9      | Reached skill level 5 in Invocations
  8133 | D:9      | Reached ****** piety under Uskayaw
  8233 | D:9      | Reached skill level 5 in Shields
  8553 | D:10     | Entered Level 10 of the Dungeon
  8621 | D:10     | Noticed an elephant
  8621 | D:10     | Found a staircase to the Lair.
  8814 | D:4      | Killed Sigmund
  9141 | D:3      | Noticed Natasha
  9149 | D:3      | Killed Natasha
  9272 | D:2      | Bought a fizzy brown potion for 27 gold pieces
  9272 | D:2      | Bought a cyan potion for 27 gold pieces
  9272 | D:2      | Bought a scroll of identify for 60 gold pieces
  9272 | D:2      | Bought a cyan potion for 27 gold pieces
  9272 | D:2      | Bought a red potion for 27 gold pieces
  9351 | D:2      | Bought a potion of haste for 100 gold pieces
  9351 | D:2      | Bought a scroll of fear for 40 gold pieces
  9351 | D:2      | Bought a potion of might for 40 gold pieces
  9602 | D:2      | Bought the amulet of Tubeinn {Faith Fragile Str+2 SInv} for
                  | 647 gold pieces
  9897 | D:10     | Found Epta's Armour Shoppe.
 10027 | D:10     | Reached XP level 11. HP: 95/95 MP: 14/14
 10401 | D:10     | Noticed a centaur warrior
 10417 | D:10     | Killed a centaur warrior
 10422 | D:10     | Found a runed translucent door.
 10424 | D:10     | Noticed TobyConnect's ghost (novice DsSh)
 10792 | D:10     | Found a sparkling altar of Nemelex Xobeh.
 10793 | D:10     | Found an ornate altar of the Wu Jian Council.
 10852 | D:10     | Identified the +3 trident "Umoyxupt" {drain, rF+}
 10853 | D:10     | Noticed a spriggan rider
 10923 | Lair:1   | Entered Level 1 of the Lair of Beasts
 11027 | Lair:1   | Found a dark tunnel.
 11040 | Volcano  | Entered a volcano
 11201 | Volcano  | Reached skill level 1 in Spellcasting
 11477 | Volcano  | Found a radiant altar of Vehumet.
 11477 | Volcano  | Noticed a centaur warrior
 11503 | Volcano  | Killed a centaur warrior
 11723 | Volcano  | Noticed a red draconian
 11732 | Volcano  | Killed a red draconian
 12015 | Lair:1   | Reached XP level 12. HP: 105/105 MP: 16/16
 12902 | Lair:2   | Found a staircase to the Snake Pit.
 13007 | Lair:2   | Found a gate leading to a gauntlet.
 13022 | Gauntlet | Entered a Gauntlet
 13022 | Gauntlet | Found a transporter.
 13022 | Gauntlet | Found a transporter.
 13022 | Gauntlet | Found a transporter.
 13023 | Gauntlet | Found a transporter.
 13027 | Gauntlet | Found a transporter.
 13045 | Gauntlet | Found a transporter.
 13047 | Gauntlet | Found a transporter.
 13069 | Gauntlet | Found a transporter.
 13179 | Gauntlet | Found a transporter.
 13197 | Gauntlet | Found a transporter.
 13201 | Gauntlet | Found a transporter.
 13217 | Gauntlet | Found a transporter.
 13661 | Gauntlet | Identified the +0 cloak of Furak {rPois Dex+2}
 13671 | Gauntlet | Got Afiraik's Notes on Chthonic Company
 13718 | Gauntlet | Noticed a minotaur
 14089 | Lair:2   | Noticed a skyshark
 14098 | Lair:2   | Killed a skyshark
 14181 | Lair:2   | Reached skill level 10 in Fighting
 14644 | Lair:2   | Found a staircase to the Swamp.
 15231 | Lair:3   | Reached XP level 13. HP: 114/114 MP: 18/18
 16891 | Lair:5   | Entered Level 5 of the Lair of Beasts
 17030 | Lair:5   | Found a frozen archway.
 17041 | Lair:5   | Reached skill level 15 in Unarmed Combat
 17059 | IceCv    | Entered an ice cave
 17508 | IceCv    | Reached skill level 1 in Stealth
 17767 | IceCv    | Noticed an ice dragon
 17811 | IceCv    | Killed an ice dragon
 17842 | IceCv    | Found the +4 skin of Zhor {*Englaciate rC+++ SInv}
 17911 | IceCv    | Identified the amulet "Quson" {RegenMP Str+2}
 18144 | Lair:5   | Reached XP level 14. HP: 30/124 MP: 10/19
 18746 | Lair:5   | Reached skill level 10 in Armour
 19105 | Lair:5   | Found a staircase to the Slime Pits.
 19105 | Lair:5   | Found a viscous altar of Jiyva.
 19558 | D:10     | Killed TobyConnect's ghost
 19643 | D:10     | Bought the +6 plate armour of Fallacy {rF+ Regen+ Dex-4
                  | Slay+2} for 804 gold pieces
 19818 | D:11     | Reached skill level 5 in Stealth
 20135 | D:11     | Got the Cyclopedia of the Sixfirhy
 20442 | D:11     | Reached skill level 10 in Shields
 20628 | D:11     | Noticed a tengu reaver
 20636 | D:11     | Killed a tengu reaver
 20706 | D:11     | Reached XP level 15. HP: 129/134 MP: 20/20
 21043 | D:11     | You fall into a shaft and drop 2 floors!
 21405 | D:11     | Found a staircase to the Orcish Mines.
 21458 | Orc:1    | Entered Level 1 of the Orcish Mines
 21574 | Orc:2    | Entered Level 2 of the Orcish Mines
 21614 | Orc:2    | Noticed Maurice
 21621 | Orc:2    | Killed Maurice
 21701 | Abyss:1  | Cast into level 1 of the Abyss (orc)
 21706 | Orc:2    | Escaped the Abyss
 21815 | Orc:2    | Found Uliqeq Cadic's General Store.
 21815 | Orc:2    | Found Ekuerr's Magic Scroll Boutique.
 21816 | Orc:2    | Found Vein's Distillery.
 21820 | Orc:2    | Found Xughun's Book Shop.
 21823 | Orc:2    | Bought a scroll of teleportation for 42 gold pieces
 21823 | Orc:2    | Bought a scroll of fog for 56 gold pieces
 21987 | Orc:2    | Found a bloodstained altar of Trog.
 22112 | Orc:2    | Found a staircase to the Elven Halls.
 22578 | Orc:2    | Bought a potion of heal wounds for 85 gold pieces
 22578 | Orc:2    | Bought 2 potions of invisibility for 272 gold pieces
 22578 | Orc:2    | Bought a potion of haste for 170 gold pieces
 22585 | Orc:2    | Bought a scroll of enchant armour for 112 gold pieces
 22585 | Orc:2    | Bought a scroll of identify for 30 gold pieces
 22585 | Orc:2    | Bought a scroll of identify for 30 gold pieces
 22585 | Orc:2    | Bought a scroll of identify for 30 gold pieces
 22590 | Orc:2    | Bought a potion of might for 68 gold pieces
 22590 | Orc:2    | Bought 2 potions of might for 136 gold pieces
 22590 | Orc:2    | Bought a potion of heal wounds for 85 gold pieces
 23462 | D:12     | Found a blossoming altar of Fedhas.
 24057 | D:13     | Found a sparkling altar of Nemelex Xobeh.
 24567 | D:14     | Reached XP level 16. HP: 145/145 MP: 22/22
 24711 | D:14     | Found a portal to a secret trove of treasure.
 24725 | D:14     | Found an ornate altar of the Wu Jian Council.
 24864 | D:14     | Noticed Snorg
 24881 | D:14     | Killed Snorg
 24963 | D:14     | Noticed Jorgrun
 24970 | D:14     | Killed Jorgrun
 24985 | D:14     | Noticed Azrael
 24999 | D:14     | Reached skill level 5 in Evocations
 25009 | D:14     | Killed Azrael
 25023 | D:14     | Reached XP level 17. HP: 68/151 MP: 23/23
 25195 | D:14     | Identified the +8 quarterstaff "Hicsaon" {flame, Int+2}
 25333 | D:14     | Noticed a sphinx
 25344 | D:14     | Killed a sphinx
 25352 | D:14     | Reached skill level 10 in Invocations
 25439 | D:14     | Identified the +6 morningstar of Fury {elec, Fragile rF+
                  | rCorr}
 25444 | D:14     | Identified the amulet "Wokohias" {Reflect -Cast rElec rCorr
                  | SH+5}
 25475 | D:14     | Got Sif Muna's Directory of the Fjord and Concussion
 25479 | D:14     | Identified the +2 shortbow of the Living Dead {heavy, rPois
                  | Dex+3 SInv}
 25741 | D:14     | Found a gate to the Vaults.
 25773 | D:14     | Found a hide-covered altar of Uskayaw.
 25797 | D:15     | Entered Level 15 of the Dungeon
 25953 | D:15     | Found a runed translucent gate.
 25954 | D:15     | Found a runed translucent gate.
 25955 | D:15     | Found a runed translucent gate.
 25971 | D:15     | Noticed Layddamu's ghost (journeyman HuFi)
 26161 | D:15     | Found a staircase to the Depths.
 26397 | D:15     | Acquired the +1 cloak of Starlight {*Dazzle EV+4 Stlth--}
 26397 | D:15     | Found the +1 cloak of Starlight {*Dazzle EV+4 Stlth--}
 26705 | D:15     | Killed Layddamu's ghost
 27121 | Swamp:1  | Entered Level 1 of the Swamp
 27152 | Swamp:1  | Reached skill level 15 in Fighting
 27703 | Swamp:1  | Identified the +0 chain mail of Crawling {rC- Int+4 Dex+6}
 28075 | Swamp:2  | Reached XP level 18. HP: 127/163 MP: 24/24
 28090 | Swamp:2  | Noticed Frances
 28091 | Swamp:2  | Killed Frances
 29374 | Swamp:4  | Entered Level 4 of the Swamp
 29423 | Swamp:4  | Paralysed by a fenstrider witch for 5 turns
 29790 | Swamp:4  | Got a decaying rune of Zot
 30324 | Snake:1  | Entered Level 1 of the Snake Pit
 30328 | Snake:1  | Found Abeabrud's Armour Shoppe.
 30367 | Snake:1  | Acquired 642 gold pieces
 31468 | Snake:2  | Reached skill level 10 in Stealth
 31720 | Snake:2  | Reached XP level 19. HP: 174/174 MP: 26/26
 31958 | Snake:2  | Found a runed translucent door.
 32148 | Snake:2  | Noticed Romunoh's ghost (adept SpBr)
 32482 | Snake:2  | Killed Romunoh's ghost
 32508 | Snake:2  | Acquired a +5 ring of evasion
 32518 | Snake:2  | Acquired 1175 gold pieces
 32674 | Snake:3  | Found Wonouzedd's Antique Armour Boutique.
 32759 | Snake:3  | Bought a steaming plate armour for 924 gold pieces
 32759 | Snake:3  | Identified the +5 plate armour of Valiance {Will+ Str+3
                  | Int+2 Slay-3} (You bought it in a shop on level 3 of the
                  | Snake Pit)
 32960 | Snake:3  | Identified the +1 hand axe "Qamybe" {vamp, rElec rPois
                  | rCorr Str-4}
 33286 | Snake:4  | Entered Level 4 of the Snake Pit
 33988 | Snake:4  | Reached XP level 20. HP: 144/184 MP: 28/28
 34247 | Snake:4  | Got a serpentine rune of Zot
 34415 | Snake:4  | Upgraded the game from 0.31-a0-523-g071a6c1ffa to
                  | 0.31-a0-532-g28f74ba3e5
 34441 | Snake:3  | Bought a pair of embroidered gloves for 247 gold pieces
 34727 | Elf:1    | Entered Level 1 of the Elven Halls
 34842 | Elf:1    | Identified the +7 falchion of the Sun {pain, rElec Str+2}
 34846 | Elf:1    | Noticed Agnes
 34867 | Elf:1    | Killed Agnes
 35091 | Elf:1    | Acquired a manual of Invocations
 35137 | Elf:1    | Found Ihuirph's Book Shoppe.
 35668 | Elf:2    | Found a runed translucent gate.
 35671 | Elf:2    | Found a runed translucent gate.
 35672 | Elf:2    | Found a runed translucent gate.
 35682 | Elf:2    | Paralysed by an air elemental for 1 turns
 35883 | Elf:2    | HP: 2/187 [deep elf zephyrmancer/bolt of lightning (45)]
 36447 | Elf:2    | Reached skill level 15 in Invocations
 36935 | Elf:3    | Entered Level 3 of the Elven Halls
 37314 | D:2      | Bought a ring of see invisible for 195 gold pieces
 37671 | Depths:1 | Entered Level 1 of the Depths
 37838 | Depths:1 | Found a one-way gate to the infinite horrors of the Abyss.
 37843 | Depths:1 | Noticed Louise
 37855 | Depths:1 | Killed Louise
 37932 | Depths:1 | Found a gateway to Hell.
 38052 | Depths:1 | Reached XP level 21. HP: 141/194 MP: 32/32
 38169 | Depths:1 | Noticed Sojobo
 38185 | Depths:1 | Killed Sojobo
 38512 | Depths:1 | Found Tenociem's Vocational Training.
 38520 | Depths:1 | Bought a manual of Evocations for 1520 gold pieces
 38901 | Depths:2 | Found Leunaiff's Assorted Antiques.
 38908 | Depths:2 | Bought a pair of runed boots for 232 gold pieces
 39003 | Depths:2 | Noticed a golden dragon
 39032 | Depths:2 | Killed a golden dragon
 39232 | Vaults:1 | Entered Level 1 of the Vaults
 40040 | Vaults:1 | Reached skill level 15 in Armour
 40413 | Vaults:1 | Found a runed translucent door.
 40415 | Vaults:1 | Noticed Wuemn's ghost (adept MiFi)
 40837 | Vaults:1 | Reached skill level 10 in Evocations
 41133 | Vaults:2 | Found a magical portal.
 41138 | WizLab   | Entered The Roulette of Golubria
 41138 | WizLab   | Found a transporter.
 41143 | WizLab   | Found a corrupted altar of Lugonu.
 41162 | WizLab   | Found a transporter.
 41229 | WizLab   | Found a transporter.
 41233 | WizLab   | Found a transporter.
 41275 | WizLab   | Found a transporter.
 41343 | WizLab   | Found a transporter.
 41375 | WizLab   | Found a transporter.
 41405 | WizLab   | Found a transporter.
 41412 | WizLab   | Found a corrupted altar of Lugonu.
 41453 | WizLab   | Found a transporter.
 41453 | WizLab   | Found a transporter.
 41482 | WizLab   | Found a transporter.
 41601 | WizLab   | Found a transporter.
 41601 | WizLab   | Found a transporter.
 41623 | WizLab   | Got Golubria's Compendium of Displacement
 41661 | WizLab   | Found a transporter.
 41686 | WizLab   | Found a transporter.
 41686 | WizLab   | Found a transporter.
 41691 | WizLab   | Reached XP level 22. HP: 205/205 MP: 34/34
 41760 | WizLab   | Identified the +3 cloak of Eqowk {Rampage *Slow rF+++
                  | rCorr}
 41762 | WizLab   | Identified the +1 cloak "Dirox" {Harm Will- Regen+}
 41767 | WizLab   | Identified the +0 cloak "Qanwacho" {rPois Will+ Str-4 SInv}
 41774 | WizLab   | Got Golubria's Enchiridion on Places
 41822 | WizLab   | Found a transporter.
 41863 | WizLab   | Found a transporter.
 41863 | WizLab   | Found a transporter.
 41870 | WizLab   | Paralysed by you for 2 turns
 41912 | WizLab   | Found a transporter.
 43202 | Vaults:2 | Found Celeotace's Book Emporium.
 43926 | Vaults:3 | Found a staircase to the Crypt.
 44657 | Vaults:4 | Reached XP level 23. HP: 213/213 MP: 35/35
 45821 | Depths:2 | Noticed Vv
 45831 | Depths:2 | Killed Vv
 46193 | Depths:2 | Found a one-way gate leading to the halls of Pandemonium.
 46268 | Depths:2 | Found Unonyoh's Jewellery Boutique.
 46268 | Depths:2 | Found Ejuatufo's Book Emporium.
 46269 | Depths:2 | Found Ulad's Book Emporium.
 46570 | Depths:3 | Identified the +3 short sword of Rubbish {venom, Str+3}
 46610 | Depths:3 | Found a one-way gateway to a ziggurat.
 46683 | Depths:3 | Found a runed translucent door.
 46704 | Depths:3 | Noticed a juggernaut
 47154 | Depths:3 | Found a runed translucent door.
 47167 | Depths:3 | Killed a juggernaut
 47168 | Depths:3 | Noticed a caustic shrike
 47235 | Depths:3 | Killed a caustic shrike
 47342 | Depths:4 | Entered Level 4 of the Depths
 47609 | Depths:4 | Reached XP level 24. HP: 225/225 MP: 35/35
 47938 | Depths:4 | Identified the +2 pair of gloves "Isie" {-Cast rPois rF+++
                  | SInv}
 48218 | Depths:4 | Noticed a caustic shrike
 48218 | Depths:4 | Noticed a caustic shrike
 48218 | Depths:4 | Noticed a caustic shrike
 48225 | Depths:4 | Killed a caustic shrike
 48227 | Depths:4 | Killed a caustic shrike
 48239 | Depths:4 | Killed a caustic shrike
 48248 | Depths:4 | Found Laaxzyxt's Jewellery Shop.
 48381 | Depths:4 | Found a gate to the Realm of Zot.
 48808 | Elf:3    | Paralysed by an air elemental for 1 turns
 49186 | Vaults:2 | Bought a manual of Armour for 1200 gold pieces
 49511 | Elf:3    | Found Recuiwk's Armour Boutique.
 50037 | Elf:3    | Reached skill level 15 in Evocations
 50225 | Elf:3    | Identified the +6 short sword of Vanity {venom, *Slow Will+
                  | Int+2 SInv}
 50226 | Elf:3    | Identified the ring "Haisyrui" {rElec rF- Int+6 Dex+4}
 50255 | Elf:3    | Identified the amulet "Qifuadd" {Reflect rF+ Str-3 Int+4
                  | SH+5}
 50353 | Elf:3    | Got Sif Muna's Discourse on the Throng and Corruption
 50356 | Elf:3    | Identified the +2 cloak of Zixt {rF+}
 50381 | Elf:3    | Identified the staff "Kuhu" {rPois rF+++ rCorr Dex-5 Conj}
 50383 | Elf:3    | Identified the +2 shortbow "Pimu Itatt" {drain, +Blink rC-
                  | Will+++ Str-5}
 50423 | Elf:3    | Identified the +0 falchion "Maucas" {elec, rF+ rC+ Dex+4}
 50497 | Elf:3    | Got the Encyclopedia of Exhalation
 50933 | Vaults:1 | Killed Wuemn's ghost
 51115 | Vaults:5 | Entered Level 5 of the Vaults
 51342 | Vaults:5 | Noticed a dread lich
 51355 | Vaults:5 | Reached XP level 25. HP: 234/235 MP: 35/35
 51368 | Vaults:5 | Paralysed by a dread lich for 5 turns
 51377 | Vaults:5 | Killed a dread lich
 51383 | Vaults:5 | Noticed an ancient lich
 51408 | Vaults:5 | Killed an ancient lich
 51461 | Vaults:5 | Noticed an ancient lich
 51485 | Vaults:5 | Killed an ancient lich
 51634 | Vaults:5 | Got a silver rune of Zot
 51638 | Vaults:5 | Identified the +5 chain mail of Sloth {Will++}
 51711 | Vaults:5 | Noticed an ancient lich
 51717 | Vaults:5 | Killed an ancient lich
 51834 | Vaults:5 | Identified the +1 sling of Imminent Death {drain, rCorr
                  | Str-5 Dex+2}
 51840 | Vaults:5 | Got Tautie's Spellbook of the Comitatus
 51845 | Vaults:5 | Identified the +0 falchion of Subterfuge {freeze, *Rage
                  | Str+7}
 51851 | Vaults:5 | Got the Quarto of the Radiant Sun
 52123 | Vaults:5 | Identified the +5 ring mail "Emeuzui" {Int-5 Dex+3 Slay+2}
 52138 | Vaults:5 | Identified the staff "Uhusch" {rElec rN+ Necro}
 52484 | Vaults:5 | Identified the +2 halberd of Flying Instant Death {spect,
                  | rPois Str+2 Stlth-}
 53061 | Zot:1    | Entered Level 1 of the Realm of Zot
 53167 | Depths:2 | Bought a manual of Armour for 1760 gold pieces
 55466 | Zot:2    | Reached XP level 26. HP: 238/244 MP: 35/35
 55536 | Zot:2    | Identified the +0 plate armour of Twilight {Str+3}
 55939 | Zot:2    | Reached skill level 15 in Shields
 56933 | Zot:3    | Noticed an orb of fire
 56946 | Zot:3    | Killed an orb of fire
 57103 | Zot:3    | Reached skill level 15 in Stealth
 58040 | Zot:4    | Identified the +0 hat "Oqigaf" {Rampage rC+ Str+3 Dex-2}
 58127 | Zot:5    | Entered Level 5 of the Realm of Zot
 58683 | Zot:5    | Noticed a dread lich
 58699 | Zot:5    | Killed a dread lich
 58709 | Zot:5    | Noticed an ancient lich
 58716 | Zot:5    | Killed an ancient lich
 58811 | Zot:5    | Noticed a dread lich
 58811 | Zot:5    | Noticed a Killer Klown
 58841 | Zot:5    | Killed a dread lich
 58859 | Zot:5    | Killed a Killer Klown
 58895 | Zot:5    | Noticed an orb of fire
 58898 | Zot:5    | Noticed an orb of fire
 58913 | Zot:5    | Killed an orb of fire
 58927 | Zot:5    | Noticed a Killer Klown
 58932 | Zot:5    | Killed an orb of fire
 58933 | Zot:5    | Killed a Killer Klown
 58934 | Zot:5    | Reached XP level 27. HP: 120/256 MP: 27/35
 59308 | Zot:5    | Noticed a dread lich
 59309 | Zot:5    | Noticed an orb of fire
 59311 | Zot:5    | Noticed an ancient lich
 59313 | Zot:5    | Noticed an orb of fire
 59321 | Zot:5    | Killed a dread lich
 59335 | Zot:5    | Killed an orb of fire
 59336 | Zot:5    | Killed an ancient lich
 59340 | Zot:5    | Noticed an orb of fire
 59346 | Zot:5    | Killed an orb of fire
 59483 | Zot:5    | Killed an orb of fire
 59716 | Zot:5    | Got the Orb of Zot
 59903 | Depths:4 | Noticed Zeqe the pandemonium lord
 59916 | Depths:4 | Killed Zeqe the pandemonium lord
 60119 | D:11     | Noticed Inaolex the pandemonium lord
 60372 | D:$      | Escaped with the Orb!

Illustrated notes

Levels and vault maps discovered:
D:1:      scummos_arrival_simple_crosswalls, layout_loops_cross,
          serial_bayou_pond_c, wander_ebering_terrifying_dragon_lair
D:2:      layout_basic, serial_forest, infiniplex_forest_end_2,
          infiniplex_forest_corner_1, infiniplex_forest_straight_1,
          infiniplex_forest_clump_small, infiniplex_forest_lined_room_,
          infiniplex_forest_straight_2, infiniplex_forest_end_1,
          infiniplex_forest_end_2, infiniplex_forest_clump_C, serial_shops,
          nicolae_shop_waterfront, shop, nicolae_shop_gaudy_bauble, shop_statue,
          shapermc_ecumenical_altar_hornbeckon, minmay_hexomino_c4
D:3:      layout_basic, mainiacjoe_overflow_catch_the_wave, uniq_natasha
D:4:      layout_loops_ring, uniq_sigmund, uniq_menkaure
D:5:      layout_basic, grunt_gozag_breadcrumbs, evilmike_ruin_ashenzari,
          temple_doors_e, minmay_fountain_box
D:6:      layout_loops_ring
D:7:      cheibrodos_fzero, layout_basic, grunt_dithmenos_smoke, serial_shops,
          nicolae_shop_overgrown_old_shop
D:8:      layout_loops_corners
D:9:      layout_gridville, minmay_diced_spiral
D:10:     layout_roguey, gammafunk_temple_overflow_wave, david_lair_generic,
          serial_shops, nicolae_shop_hallway_plus, ebering_ghost_funeral_grove
D:11:     nzn_winding_woodlands_stair_trap [nzn_winding_woodlands_5x15_pool,
          nzn_winding_woodlands_5x15_split_checker,
          nzn_winding_woodlands_5x15_sidewinder,
          nzn_winding_woodlands_15x15_thick_spiral,
          nzn_winding_woodlands_5x15_default,
          nzn_winding_woodlands_5x15_concentric,
          nzn_winding_woodlands_5x15_river_crossing], layout_rooms,
          kennysheep_orc_monster_closet_entryway, st_stairs_9,
          grunt_ministairs_2
D:12:     layout_small_grid, fedhas_altar_2
D:13:     layout_basic, nemelex_lonely_heart_becter
D:14:     cheibrodos_leafed_vault, layout_irregular_city,
          hellmonk_vaults_keyhole, enter_trove_3, nzn_wu_jian_council_hall,
          nicolae_uskayaw_suspiria, uniq_azrael, uniq_snorg, uniq_jorgrun
D:15:     hangedman_depths_entry_civil_slaughter, layout_irregular_city,
          gammafunk_ghost_split, serial_park_tiny_1, dreamdust_mushroom_princess
Temple:   minmay_freezing_vapour_temple
Lair:1:   layout_cave_pods, nicolae_volcano_entry_batcave, serial_bayou_ford_a,
          serial_bayou_pond_d
Lair:2:   layout_chaotic_city, skrybe_swamp_entry_bodies, dummy_snake_entry,
          gauntlet_entry_generic
Lair:3:   layout_regular_city, lemuel_fruit_tree
Lair:4:   layout_small_grid, infiniplex_staircase_pool
Lair:5:   minmay_lair_end_enchanted_forest, layout_long_grid,
          nicolae_slime_entry_slimehenge, portal_ice_cave_entry_ice_simulacra,
          grunt_megastairs_1
Swamp:1:  layout_basic_swamp, hangedman_swamp_ruin_wall
Swamp:2:  layout_falls_marsh, evilmike_swamp_ruin_rubble_2,
          nicolae_swamp_baby_hydras, infiniplex_staircase_pool_2, uniq_frances
Swamp:3:  layout_falls_marsh, evilmike_swamp_ruin_house_2, swamp_pool1,
          nicolae_swamp_bloodsuckers_inc
Swamp:4:  swamp, layout_basic_swamp, swamp_pool3
Snake:1:  layout_chambers, serial_shops, nicolae_shop_mannequins
Snake:2:  layout_grid_shapes, hellmonk_ghost_happy_afterlife,
          nicolae_snake_magic_snake_eye, grunt_megastairs_3
Snake:3:  layout_misc_corridors, serial_shops, nicolae_stop_n_shop_1,
          st_stairs_4, nicolae_triple_integral, grunt_megastairs_5
Snake:4:  snake_pit, layout_gridlike
Orc:1:    layout_caves
Orc:2:    st_orc_mages, layout_diamond_mine, basic_altar, mines2_david,
          uniq_maurice
Elf:1:    minmay_elf_arrival_summoners, layout_rooms, serial_shops, shop_statue,
          hangedman_elf_disciples, ebering_dispersal_statue_hall, uniq_agnes
Elf:2:    elven_hall_of_blades_hangedman_original
          [nicolae_blade_entry_antechamber], layout_onion_city
Elf:3:    minmay_elf_hall, layout_geoelf_grid, serial_shops, shop, st_stairs_10,
          grunt_megastairs_2
Vaults:1: ebering_ghost_reflecting_pool, vaults_dpeg_spiral, vaults_room_grid,
          nicolae_vaults_stairing_the_circle, nicolae_vaults_six-pack,
          nicolae_vaults_trapezoid_lopsided_3,
          nicolae_vaults_heart-shaped_vault, vaults_room_pool, v_rooms_4,
          ontoclasm_vaults_hangar, vaults_room_stairs_pillars,
          nicolae_vaults_two_Ls, v_misc_5, layout_vaults_omnicross
Vaults:2: mu_enter_wizlab_2, nicolae_vaults_little_squares_6,
          ontoclasm_vaults_eye, nicolae_vaults_quadrants,
          nicolae_vaults_steering_wheel, nicolae_vaults_tetromino_T_1, v_misc_2,
          hangedman_vaults_maws, v_misc_27, nicolae_vaults_house_2,
          nicolae_vaults_circle_grid_b, nicolae_vaults_specimen_jars,
          nicolae_vaults_house_2, grunt_vaults_diagonal,
          nicolae_vaults_rhombus_5, layout_vaults_ring, serial_shops,
          nicolae_shop_tiny_waterfront
Vaults:3: nicolae_vaults_crenellated_ambush, nicolae_vaults_storage_closets_2,
          vaults_mumra_minichess, nicolae_vaults_more_shelving_2,
          grunt_vaults_funnel, minmay_crypt_entry_simple_statues,
          hangedman_vaults_nails, nicolae_vaults_alarming,
          nicolae_vaults_tetromino_L_2, nicolae_vaults_trapezoid_4,
          nicolae_vaults_layer_cake_slice, vaults_room_octagon,
          layout_vaults_maze_bifur
Vaults:4: v_misc_11, ontoclasm_vaults_shuriken, vaults_room_octagon,
          grunt_vaults_focal, nicolae_vaults_network_quinsquares
          [nicolae_vaults_network_quincunx_subvault,
          nicolae_vaults_network_quincunx_subvault,
          nicolae_vaults_network_quincunx_subvault,
          nicolae_vaults_network_quincunx_subvault], v_alt_pattern_1,
          ontoclasm_vaults_claustrophobia, nicolae_vaults_sealed_display,
          vaults_dpeg_doors, v_misc_22, nicolae_vaults_apartment_1,
          nicolae_vaults_trapezoid_lopsided_1, layout_vaults_omnibox
Vaults:5: serial_shops
Depths:1: layout_gridville, nicolae_abyss_entry_one_way_or_another,
          serial_sigils_hangedman_confine,
          nicolae_hell_entry_hellmouth_sunbeams, nicolae_shop_vocational,
          serial_bayou_shore_b, uniq_sojobo
Depths:2: minmay_the_grid_square_5x5_3x3 [minmay_the_grid_square_5x5_forky,
          minmay_the_grid_square_5x5_fat_x, minmay_the_grid_square_5x5_inner_z,
          minmay_the_grid_square_5x5_hourglass,
          minmay_the_grid_square_5x5_megaprize_open,
          minmay_the_grid_square_5x5_three_small,
          minmay_the_grid_square_5x5_meh,
          minmay_the_grid_square_5x5_tetrominoes, minmay_the_grid_square_5x5_c],
          layout_cave_pools, minmay_holes, serial_shops, nicolae_shop_stone,
          hellmouth_1, grunt_pan_entry_zigzag, minmay_shop_grove,
          minmay_staircase_windowed_small, uniq_vv
Depths:3: minmay_expanding_circles, layout_small_grid, enter_ziggurat_e,
          abyss_entry, small_statue_intersection, grunt_hell_entry_dis_grunt,
          grunt_megastairs_4, infiniplex_staircase_squiggle,
          serial_bayou_shore_b, serial_bayou_shore_b
Depths:4: grunt_zot_entry_gee_three, layout_cave_pools,
          marbit_kobold_abyss_entry, serial_shops, shop,
          pf_dread_powers_of_hell, minmay_curled_crystal, pan_entry, nrook_uturn
Zot:1:    kennysheep_oblong_rooms, layout_onion, st_stairs_10
Zot:2:    layout_twisted_circle, hellmonk_zot_clocked, lemuel_elevator
Zot:3:    layout_basic
Zot:4:    layout_misc_corridors
Zot:5:    layout_cathedral_of_symmetry

Skill      XL: |  1  2  3  4  5  6  7  8  9 10 11 12 13 14 15 16 17 18 19 20 21 22 23 24 25 26 27 |
---------------+----------------------------------------------------------------------------------+-----
Unarmed Combat | 3 4 5 6 7 9 10 11 12 13 15 16 17 18 19 20 21 22 24 25 | 25.2
Shields        | 3 5 7 8 9 10 11 13 14 15 16 | 16.0
Armour         | 3 4 5 6 7 8 9 10 11 13 14 15 17 18 22 23 25 | 25.0
Fighting       | 4 5 6 7 8 9 10 11 12 13 15 16 17 18 19 20 21 22 23 | 23.1
Evocations     | 1 2 3 4 5 6 8 10 14 15 | 15.0
Invocations    | 2 4 5 7 8 9 10 11 12 16 19 | 19.3
Spellcasting   | 1 3 |  3.0
Stealth        | 3 5 6 8 10 11 13 15 | 15.0

Action                     |  1- 3 |  4- 6 |  7- 9 | 10-12 | 13-15 | 16-18 | 19-21 | 22-24 | 25-27 || total
---------------------------+-------+-------+-------+-------+-------+-------+-------+-------+-------++-------
  Melee: Unarmed           |   104 |   170 |   258 |   643 |  1108 |   943 |  1590 |  1557 |  1170 ||  7543
  Throw: Dart              |       |       |    21 |       |     6 |     8 |       |       |       ||    35
 Invoke: Line Pass         |       |       |     2 |       |       |       |     3 |       |     3 ||     8
         Grand Finale      |       |       |       |     1 |     3 |     7 |     8 |     1 |     5 ||    25
  Evoke: Wand              |       |       |    18 |    12 |    13 |    13 |     3 |       |     2 ||    61
         Condenser vane    |       |       |       |       |     4 |     2 |       |     2 |     2 ||    10
         Phantom mirror    |       |       |       |       |     1 |     1 |     1 |       |     1 ||     4
         Lightning rod     |       |       |       |       |       |       |       |     7 |     8 ||    15
    Use: Scroll            |       |     4 |     9 |     6 |    15 |     6 |    21 |     3 |    12 ||    76
         Potion            |       |     1 |     2 |     5 |     1 |     1 |     8 |     7 |    12 ||    37
   Stab: Paralysed         |       |       |    13 |    54 |    96 |    87 |   159 |   186 |   108 ||   703
         Confused          |       |       |     1 |       |     5 |     3 |       |       |     1 ||    10
         Distracted        |       |       |       |       |     1 |       |       |       |       ||     1
         Invisible         |       |       |       |       |       |    11 |    16 |    13 |     9 ||    49
 Armour: Scale mail        |    39 |    27 |       |       |       |       |       |       |       ||    66
         Chain mail        |       |    30 |   120 |   131 |    99 |       |       |       |       ||   380
         Plate armour      |       |       |       |   176 |   264 |   693 |   357 |       |       ||  1490
         Pearl dragon scal |       |       |       |       |   122 |       |       |       |       ||   122
         Gold dragon scale |       |       |       |       |       |       |    84 |   344 |   515 ||   943
  Dodge: Dodged            |    34 |    51 |    78 |   141 |   242 |   369 |   375 |   283 |   361 ||  1934
         Repelled          |       |       |     2 |     5 |     2 |     3 |    13 |     2 |       ||    27
  Block: Buckler           |    17 |    13 |    33 |       |       |       |       |       |       ||    63
         Kite shield       |       |       |    11 |   272 |   473 |   514 |   137 |       |       ||  1407
         Tower shield      |       |       |       |       |       |       |  1251 |  1378 |  1232 ||  3861
         Reflection        |       |       |       |       |       |       |    32 |    83 |     4 ||   119

Table legend: (Time is in decaauts)
 A = Elapsed time spent in this place.
 B = Non-inter-level travel time spent in this place.
 C = Inter-level travel time spent in this place.
 D = Time resting spent in this place.
 E = Time spent auto-exploring this place.
 F = Levels seen in this place.
 G = Mean time per level.
                   A        B        C        D        E       F      G
               +--------+--------+--------+--------+--------+-----+--------+
         Total |  58994 |  51426 |   7568 |   4227 |  31261 |  53 | 1113.1 |
       Dungeon |  18989 |  14678 |   4311 |    891 |   9226 |  15 | 1265.9 |
        Temple |     14 |      9 |      5 |      0 |      0 |   1 |   14.0 |
          Lair |   6056 |   5604 |    452 |    519 |   3670 |   5 | 1211.2 |
         Swamp |   3284 |   3054 |    230 |    187 |   2079 |   4 |  821.0 |
     Snake Pit |   3993 |   3843 |    150 |     48 |   2605 |   4 |  998.2 |
  Orcish Mines |   1372 |   1023 |    349 |      0 |    691 |   2 |  686.0 |
   Elven Halls |   3673 |   3239 |    434 |    150 |   1737 |   3 | 1224.3 |
        Vaults |   7150 |   6561 |    589 |    422 |   4490 |   5 | 1430.0 |
        Depths |   4652 |   3879 |    773 |    105 |   2720 |   4 | 1163.0 |
           Zot |   6398 |   6126 |    272 |   1213 |   3425 |   5 | 1279.6 |
         Abyss |      4 |      4 |      0 |      0 |      0 |   1 |    4.0 |
      Ice Cave |    905 |    905 |      0 |    298 |    291 |   1 |  905.0 |
       Volcano |    897 |    897 |      0 |    352 |      0 |   1 |  897.0 |
        Wizlab |    889 |    889 |      0 |      0 |    324 |   1 |  889.0 |
      Gauntlet |    712 |    712 |      0 |     39 |      0 |   1 |  712.0 |
               +--------+--------+--------+--------+--------+-----+--------+

Top non-repeatable levels by time:
    D:11: 2045 daAuts
Vaults:1: 1992 daAuts
     D:7: 1744 daAuts
    D:10: 1657 daAuts
    D:14: 1648 daAuts
   Zot:1: 1611 daAuts
  Lair:5: 1532 daAuts
   Zot:5: 1504 daAuts
Vaults:5: 1487 daAuts
   Elf:2: 1484 daAuts
  Lair:2: 1473 daAuts
     D:8: 1415 daAuts
     D:3: 1398 daAuts
   Zot:2: 1359 daAuts
   Elf:3: 1317 daAuts
